 Dungeon Crawl Stone Soup version 0.28.0-45-g0d030f2227 (webtiles) character file.

Game seed: 15875008805203910898

1503 CryoSword the Twirler (level 9, -24/69 HPs)
             Began as a Formicid Fighter on Apr 8, 2022.
             Was an Initiate of Gozag.
             Annihilated by a two-headed ogre
             ... wielding a +0 giant club
              (26 damage)
             ... on level 6 of the Dungeon.
             The game lasted 00:11:11 (5332 turns).

CryoSword the Twirler (Formicid Fighter)            Turns: 5332, Time: 00:11:12

Health: -24/69     AC: 15    Str: 24    XL:     9   Next: 8%
Magic:  9/9        EV: 12    Int:  7    God:    Gozag
Gold:   389        SH:  5    Dex: 12    Spells: 8/8 levels left

rFire   . . .      SeeInvis +   a - +0 quarterstaff
rCold   . . .      Faith    .   c - +0 buckler
rNeg    . . .      Spirit   .   y - +3 chain mail
rPois   .          Reflect  .   (helmet unavailable)
rElec   .          Harm     .   k - scarf {repulsion}
rCorr   .          Rampage  .   g - +1 pair of gloves
Will    .....                   (no boots)
Stlth   ..........              (no amulet)
HPRegen 0.21/turn               m - +4 ring of evasion
MPRegen 0.11/turn               s - +4 ring of slaying

@: repel missiles
A: permanent stasis, dig shafts and tunnels, antennae 3, four strong arms
a: Dig, Shaft Self, Renounce Religion, Potion Petition, Call Merchant, Bribe
Branch


You were on level 6 of the Dungeon.
You worshipped Gozag.
Gozag was aware of your devotion.
You visited 2 branches of the dungeon, and saw 8 of its levels.
You also visited: Sewer.

You collected 474 gold pieces.
You paid 85 gold pieces to Gozag.

Inventory:

Hand Weapons
 a - a +0 quarterstaff (weapon)
Missiles
 f - 5 boomerangs (quivered)
 o - 15 poisoned darts
 A - 4 datura-tipped darts
Armour
 c - a +0 buckler (worn)
 g - a +1 pair of gloves (worn)
   (You found it on level 2 of the Dungeon)
 k - a scarf of repulsion (worn)
   (You found it on level 1 of the Dungeon)
 y - a +3 chain mail (worn)
   (You found it on level 1 of the Dungeon)
Jewellery
 e - a ring of fire
   (You found it on level 1 of the Dungeon)
 m - a +4 ring of evasion (left hand)
   (You found it on level 2 of the Dungeon)
 p - a ring of resist corrosion
   (You found it on level 2 of the Dungeon)
 s - a +4 ring of slaying (right hand)
   (You found it on level 3 of the Dungeon)
 D - a +4 ring of protection
   (You found it on level 5 of the Dungeon)
Wands
 q - a wand of digging (4)
   (You took it off Jessica on level 2 of the Dungeon)
Scrolls
 b - a scroll of torment {unknown}
 j - a scroll of fog {unknown}
 v - 2 scrolls of fear {unknown}
 x - a scroll of noise {unknown}
 z - a scroll of enchant armour {unknown}
 B - a scroll of identify {@r1}
 C - a scroll of teleportation {unknown}
 E - a scroll of magic mapping {unknown}
Potions
 d - 2 potions of might
 h - 4 potions of curing {@q1}
 i - 4 potions of heal wounds {@q2}
 n - a potion of invisibility {unknown}
 r - a potion of resistance {unknown}
 t - a potion of mutation {unknown}
 u - 4 potions of haste {unknown}
 w - a potion of magic {unknown}


   Skills:
 + Level 5.7 Fighting
 * Level 6.2 Staves
 + Level 3.3 Throwing
 + Level 5.6 Armour
 - Level 4.0 Stealth
 + Level 6.2 Shields


You had 8 spell levels left.
You didn't know any spells.
Your spell library contained the following spells:

 Spells                   Type           Power      Damage    Failure   Level
 Slow                     Hex            0%         N/A       98%         1
 Confusing Touch          Hex            0%         N/A       100%        3
 Vampiric Draining        Necr           0%         2d6       100%        3


Dungeon Overview and Level Annotations

Branches:
Dungeon (7/15)             Temple (1/1) D:4           Sewer (visited)

Altars:
Ashenzari
Cheibriados
Dithmenos
Elyvilon
Fedhas
Gozag
Hepliaklqana
Makhleb
Nemelex Xobeh
Okawaru
Ru
Sif Muna
Trog
Uskayaw
Vehumet
Xom
Yredelemnul
Zin
The Shining One


Innate Abilities, Weirdness & Mutations

You cannot be hasted, slowed, berserked, paralysed or teleported.
You can dig through walls and to a lower floor.
You have a pair of large antennae on your head. (SInv)
Your four strong arms can wield two-handed weapons with a shield.


Message History

You kill the ogre!
You now have 298 gold pieces (gained 16).
You see here a +0 giant club.
There is a stone staircase leading down here.
You start resting.
You climb downwards.
The bullfrog skeleton barely misses you.
Found 21 gold pieces.
There is a stone staircase leading up here.
You thump the bullfrog skeleton! The bullfrog skeleton hits you.
You sock the bullfrog skeleton!
You destroy the bullfrog skeleton!
Found a leather armour.
You now have 325 gold pieces (gained 27).
A water moccasin comes into view.
The water moccasin hisses angrily.
The water moccasin bites you but does no damage.
You closely miss the water moccasin. The water moccasin bites you.
The water moccasin barely misses you.
You thump the water moccasin!
The water moccasin bites you but does no damage.
You sock the water moccasin! The water moccasin bites you.
The water moccasin closely misses you.
You sock the water moccasin!
You kill the water moccasin!
Your Throwing skill increases to level 3!
You now have 331 gold pieces (gained 6).
You start resting.
You now have 337 gold pieces (gained 6).
There is a stone staircase leading down here.
A scorpion is nearby!
A scorpion is nearby!
A scorpion is nearby!
No target in view!
No target in view!
You sock the scorpion! The scorpion closely misses you.
You barely miss the scorpion. The scorpion misses you.
You closely miss the scorpion. The scorpion closely misses you.
You barely miss the scorpion.
The scorpion stings you but does no damage. x2
You hit the scorpion. The scorpion barely misses you.
You barely miss the scorpion.
The scorpion stings you but does no damage.
You closely miss the scorpion. The scorpion stings you.
You completely miss the scorpion. The scorpion closely misses you.
The scorpion stings you but does no damage.
You barely miss the scorpion. The scorpion barely misses you.
You sock the scorpion!
You kill the scorpion!
Your Staves skill increases to level 6!
Your Shields skill increases to level 6!
No target in view!
You now have 343 gold pieces (gained 6).
You now have 355 gold pieces (gained 12).
E - a scroll labelled OGGEYNL VOGO You now have 368 gold pieces (gained 13).
A sourceless malevolence fills the Dungeon...
You fall into a shaft and drop 2 floors!
The shaft crumbles and collapses.
Found a quarterstaff.
Found a stone staircase leading up.
Found an emerald potion.
There is a stone staircase leading up here.
You climb upwards.
There is a stone staircase leading down here.
An ogre comes into view. It is wielding a +0 giant spiked club.
The ogre shouts!
The ogre closely misses you.
You barely miss the ogre. You barely miss the ogre. The ogre barely misses you.
You sock the ogre! The ogre hits you but does no damage.
You hit the ogre. The ogre closely misses you.
You barely miss the ogre. You sock the ogre!
You kill the ogre!
You have reached level 9!
Your experience leads to an increase in your attributes!
Increase (S)trength, (I)ntelligence, or (D)exterity?
You feel stronger. x2
You now have 389 gold pieces (gained 21).
You see here a +0 giant spiked club.
You see here a +0 giant spiked club.
You sense a monster nearby.
Could not explore, unopened door.
Could not explore, unopened door.
No target in view!
You open the door.
Found a stone staircase leading down.
There is an open door here.
You sense a monster nearby.
A two-headed ogre comes into view.
It is wielding a +0 giant club and a +0 giant spiked club.
The two-headed ogre shouts in stereo!
A two-headed ogre is nearby!
A water moccasin comes into view.
The water moccasin hisses angrily.
The water moccasin bites you but does no damage.
The water moccasin closely misses you.
You miss the water moccasin.
The water moccasin bites you but does no damage.
The water moccasin barely misses you.
You thump the water moccasin!
The water moccasin bites you but does no damage.
You closely miss the water moccasin. The water moccasin barely misses you.
The water moccasin bites you but does no damage.
You hit the water moccasin.
The water moccasin bites you but does no damage.
You hit the water moccasin. The water moccasin bites you.
You sock the water moccasin! You block the water moccasin's attack.
The water moccasin barely misses you.
You sock the water moccasin!
You kill the water moccasin!
You hit the two-headed ogre.
The two-headed ogre completely misses you.
You block the two-headed ogre's attack.
You sock the two-headed ogre!
The two-headed ogre hits you with a +0 giant club.
The two-headed ogre hits you with a +0 giant spiked club!
You completely miss the two-headed ogre.
You sock the two-headed ogre!
The two-headed ogre hits you with a +0 giant club.
The two-headed ogre hits you with a +0 giant spiked club!
* * * LOW HITPOINT WARNING * * *
Throw: 2 darts (atropa)
Aim: a two-headed ogre, wielding a +0 giant club and a +0 giant spiked club (moderately wounded, 78% to hit, chance to blind on hit: 13%)
You throw an atropa-tipped dart.
The atropa-tipped dart completely misses the two-headed ogre.
The two-headed ogre hits you with a +0 giant club!
* * * LOW HITPOINT WARNING * * *
The two-headed ogre hits you with a +0 giant spiked club.
* * * LOW HITPOINT WARNING * * *
Throw: dart (atropa)
Aim: a two-headed ogre, wielding a +0 giant club and a +0 giant spiked club (moderately wounded, 78% to hit, chance to blind on hit: 3%)
You throw an atropa-tipped dart.
The atropa-tipped dart hits the two-headed ogre.
The two-headed ogre resists.
You feel much better.
You block the two-headed ogre's attack. x2
You sock the two-headed ogre!
The two-headed ogre hits you but does no damage.
The two-headed ogre barely misses you.
You hit the two-headed ogre. You barely miss the two-headed ogre.
You block the two-headed ogre's attack.
The two-headed ogre hits you with a +0 giant spiked club!
You hit the two-headed ogre. The two-headed ogre misses you.
The two-headed ogre hits you with a +0 giant spiked club!
* * * LOW HITPOINT WARNING * * *
You hit the two-headed ogre.
The two-headed ogre hits you with a +0 giant club!!
* * * LOW HITPOINT WARNING * * *
The two-headed ogre hits you with a +0 giant spiked club!!
You die...
Your body crumbles into a pile of gold.

$#....#......#
#....#......#
#....#......#
#...##......#
###...##......#
#......#.(....# $
#......#......#
#......#).O...#
##....###.@...#
#.$..###.....#
.......#......#
.........#......#
...........#......#
...........#......#
...........#......#
..####+##..####...#
#####


You could see a two-headed ogre.

Vanquished Creatures
  3 water moccasins
  2 black bears
  3 ogres
  2 kobold brigands (Sewer)
  A scorpion (D:5)
  A water moccasin zombie (D:5)
  A centaur zombie (D:3)
  2 hounds (D:4)
  A bullfrog skeleton (D:5)
  A centaur skeleton (D:5)
  Jessica (D:2)
  2 iguanas (D:5)
  Robin (D:2)
  A gnoll (D:4)
  12 adders
  A river rat (D:4)
  A white imp (D:5)
  An ufetubus (D:4)
  7 worms
  3 dart slugs
  8 orcs
  9 ball pythons
  6 bats
  7 endoplasms
  3 giant cockroaches
  16 goblins
  9 hobgoblins
  2 jackals (D:2)
  6 quokkas
  6 frilled lizards
  13 kobolds
  12 rats
144 creatures vanquished.

Vanquished Creatures (others)
  4 plants
  4 toadstools (D:1)
8 creatures vanquished.

Grand Total: 152 creatures vanquished

Notes
Turn   | Place    | Note
-------+----------+-------------------------------------------
     0 | D:1      | CryoSword the Formicid Fighter began the quest for the Orb.
     0 | D:1      | Reached XP level 1. HP: 18/18 MP: 1/1
   238 | D:1      | Reached XP level 2. HP: 24/24 MP: 2/2
   508 | D:1      | Reached skill level 1 in Stealth
   660 | D:1      | Reached XP level 3. HP: 26/29 MP: 3/3
  1385 | D:2      | Noticed Robin
  1420 | D:2      | Reached XP level 4. HP: 25/35 MP: 4/4
  1573 | D:2      | Killed Robin
  1870 | D:2      | Found a faded altar of an unknown god.
  1878 | D:2      | Noticed Jessica
  1882 | D:2      | Killed Jessica
  1883 | D:2      | Reached XP level 5. HP: 38/42 MP: 5/5
  2601 | D:3      | Reached XP level 6. HP: 48/48 MP: 6/6
  2993 | D:4      | Noticed a black bear
  3004 | D:4      | Killed a black bear
  3005 | D:4      | Reached skill level 1 in Throwing
  3110 | D:4      | Reached XP level 7. HP: 49/54 MP: 7/7
  3119 | D:4      | Noticed a water moccasin
  3130 | D:4      | Killed a water moccasin
  3131 | D:4      | Reached skill level 5 in Shields
  3289 | D:4      | Found a glowing drain.
  3306 | Sewer    | Entered a sewer
  3392 | Sewer    | Reached XP level 8. HP: 55/61 MP: 8/8
  3525 | Sewer    | Reached skill level 5 in Staves
  3958 | D:4      | Found a staircase to the Ecumenical Temple.
  3965 | Temple   | Entered the Ecumenical Temple
  4138 | Temple   | Became a worshipper of Gozag Ym Sagoz the Greedy
  4490 | D:5      | Entered Level 5 of the Dungeon
  4498 | D:5      | Reached skill level 5 in Armour
  4508 | D:5      | Reached skill level 5 in Fighting
  5219 | D:5      | You fall into a shaft and drop 2 floors!
  5242 | D:6      | Reached XP level 9. HP: 68/68 MP: 9/9
  5287 | D:6      | Noticed a two-headed ogre
  5332 | D:6      | HP: 2/69 [two-headed ogre/+0 giant club (19)]
  5332 | D:6      | Annihilated by a two-headed ogre

Illustrated notes

Levels and vault maps discovered:
D:1:      saegor_arrival_simple_b, layout_loops_corners,
          minmay_gold_behind_fungi, hex_tiny
D:2:      layout_loops_ring, basic_ecumenical_altar, serial_bayou_pond_b,
          uniq_jessica, uniq_robin
D:3:      layout_rooms, kennysheep_cluttered_room
D:4:      layout_cave_pools, minmay_temple_entry_arrows,
          lightli_sewer_entry_pipes, kennysheep_generic_room_8
D:5:      layout_rooms
D:6:      layout_gridville
D:7:      layout_rooms
Temple:   mainiacjoe_temple_starburst

Skill      XL: |  1  2  3  4  5  6  7  8 |
---------------+-------------------------+-----
Stealth        | 1 2 3 4 |  4.0
Shields        | 4 5 6 |  6.2
Staves         | 3 4 6 |  6.2
Armour         | 4 5 |  5.6
Fighting       | 4 5 |  5.7
Throwing       | 1 2 3 |  3.3

Action                   |  1- 3 |  4- 6 |  7- 9 || total
-------------------------+-------+-------+-------++-------
Melee: Quarterstaff      |    97 |   149 |   193 ||   439
Throw: Dart              |       |       |     6 ||     6
 Abil: Dig               |     1 |     1 |       ||     2
  Use: Scroll            |       |     2 |     2 ||     4
       Potion            |       |       |     1 ||     1
Armor: Scale mail        |    44 |    57 |    32 ||   133
       Chain mail        |       |       |    57 ||    57
Dodge: Dodged            |    43 |    93 |   134 ||   270
       Repelled          |       |       |     1 ||     1
Block: Buckler           |    18 |    52 |    47 ||   117
